AoeStats
← NeonLime

Marketplace

504027707Analyzed
1v1 RM · 27d ago on Sep 3, 2026· 76m 46s· 2 players
Game mode
Random Map
Map size
Tiny (2 player)
Population
200
Speed
Normal
Resources
Standard
Victory
Conquest
Starting age
Dark Age
Ending age
Imperial Age
RankedLock teamsTeams togetherTeam positionsShared explorationLock speedFull tech treeHidden civsTurbo modeCheats
Victory
Defeat
🇺🇸 Vietnamese · United States
725
+16
🇮🇳 Italians · India
724
-16
baliparamveer
2:25 Loom
10:04 Feudal Age
12:30 Wheelbarrow
14:45 Double-Bit Axe
14:46 Horse Collar
20:42 Fletching
22:38 Padded Archer Armor
28:01 Castle Age
29:03 Crossbowman
29:49 Thumb Ring
29:05 Elite Skirmisher
30:56 Hand Cart
30:33 Light Cavalry
31:44 Forging
31:59 Bloodlines
33:56 Scale Barding Armor
33:47 Bodkin Arrow
35:00 Husbandry
37:00 Iron Casting
39:27 Chain Barding Armor
39:23 Leather Archer Armor
47:28 Imperial Age
48:39 Ballistics
50:10 Conscription
52:22 Bracer
54:35 Heavy Plow
54:57 Pirotechnia
54:15 Arbalester
57:57 Chemistry
60:19 Hussar
63:47 Ring Archer Armor
63:53 Plate Barding Armor
64:19 Blast Furnace
72:43 Pirotechnia
75:56 Silk Road
NeonLime
8:34 Loom
12:51 Feudal Age
13:20 Double-Bit Axe
14:15 Wheelbarrow
16:45 Horse Collar
18:52 Fletching
22:12 Castle Age
20:54 Forging
22:56 Padded Archer Armor
22:21 Crossbowman
23:36 Bow Saw
23:18 Gold Mining
24:05 Bodkin Arrow
24:38 Light Cavalry
25:51 Padded Archer Armor
27:15 Bloodlines
30:52 Hand Cart
30:22 Town Watch
36:22 Iron Casting
36:03 Leather Archer Armor
35:54 Scale Barding Armor
38:55 Husbandry
39:11 Scale Mail Armor
41:35 Chatras
42:23 Thumb Ring
41:39 Elite Skirmisher
48:53 Arson
49:09 Squires
54:57 Imperial Age
54:36 Chain Mail Armor
55:32 Elite Fire Lancer
57:27 Paper Money
58:34 Two-Man Saw
59:06 Cavalier
60:54 Caravan
61:44 Chain Barding Armor
61:26 Bracer
62:39 Imperial Skirmisher
62:46 Arbalester
65:32 Elite Rattan Archer
70:45 Ring Archer Armor
Connection lost

Rejoining the realm…

Still unreachable

The connection could not be restored.

Session expired

The server has moved on; the page needs a fresh start.